 Dungeon Crawl Stone Soup version 0.29-a0-473-gacb4ef3bc5 (webtiles) character file.

Game seed: 8324943750149762776

81 KristoblXynda the Ruffian (level 4, -6/40 HPs)
             Began as a Draconian Monk on May 23, 2022.
             Mangled by a gnoll
             ... wielding a +0 flail
              (12 damage)
             ... on level 2 of the Dungeon.
             The game lasted 00:01:52 (1299 turns).

KristoblXynda the Ruffian (Draconian Monk)          Turns: 1299, Time: 00:01:53

Health: -6/40      AC:  5    Str: 15    XL:     4   Next: 20%
Magic:  4/4        EV: 13    Int: 10    God:
Gold:   53         SH:  0    Dex: 14    Spells: 3/3 levels left

rFire   . . .      SeeInvis .     - Unarmed
rCold   . . .      Faith    .   (no shield)
rNeg    . . .      Spirit   .   (body armour unavailable)
rPois   .          Reflect  .   (helmet restricted)
rElec   .          Harm     .   (no cloak)
rCorr   .          Rampage  .   (no gloves)
Will    .....                   (no boots)
Stlth   ++........              (no amulet)
HPRegen 0.13/turn               (no ring)
MPRegen 0.09/turn               (no ring)

@: no status effects
A: AC +5, unfitting armour, cold-blooded
a: no special abilities


You were on level 2 of the Dungeon.
You visited 1 branch of the dungeon, and saw 2 of its levels.

You collected 53 gold pieces.

Inventory:

Jewellery
 b - a ring of flight
Scrolls
 c - 2 scrolls of amnesia
 d - a scroll of vulnerability {unknown}
 g - a scroll of enchant armour {unknown}
 h - a scroll of teleportation {unknown}
Potions
 a - a potion of attraction {unknown}
 e - a potion of mutation {unknown}
 f - a potion of might {unknown}


   Skills:
 + Level 3.9 Fighting
 + Level 3.3 Dodging
 - Level 1.7 Stealth
 + Level 4.1 Unarmed Combat


You had 3 spell levels left.
You didn't know any spells.
Your spell library was empty.

Dungeon Overview and Level Annotations

Branches:
Dungeon (2/15)

Altars:


Innate Abilities, Weirdness & Mutations

Your plain brown scales are hard. (AC +5)
You cannot fit into any form of body armour.
You are cold-blooded and may be slowed by cold attacks.


Message History

The gnoll hits you but does no damage.
You hit the gnoll.
You kill the gnoll!
You hit the gnoll but do no damage. The gnoll closely misses you.
You hit the gnoll but do no damage. You barely miss the gnoll.
The gnoll closely misses you.
The gnoll hits you from afar with a +0 halberd!
You punch the gnoll!
Your tail-slap misses the gnoll.
The gnoll is heavily wounded.
The gnoll hits you with a +0 club. The gnoll misses you.
You hit the gnoll.
The gnoll is severely wounded.
The gnoll hits you with a +0 club. The gnoll barely misses you.
You closely miss the gnoll.
The gnoll is severely wounded.
The gnoll hits you but does no damage. The gnoll misses you.
You closely miss the gnoll.
The gnoll is severely wounded.
The gnoll hits you with a +0 club.
The gnoll hits you from afar with a +0 halberd!
* * * LOW HITPOINT WARNING * * *
The gnoll attacks as you move away! The gnoll misses you.
The gnoll attacks as you move away! The gnoll hits you with a +0 club.
* * * LOW HITPOINT WARNING * * *
The gnoll attacks as you move away! The gnoll hits you with a +0 club.
* * * LOW HITPOINT WARNING * * *
Unknown command.
There is an open door here.
The gnoll attacks as you move away! The gnoll hits you with a +0 club.
* * * LOW HITPOINT WARNING * * *
Really walk into that dispersal trap?
You enter a dispersal trap!
The gnoll blinks! x4; You blink.
The gnoll hits you but does no damage. The gnoll barely misses you.
There is an open door here.
The gnoll attacks as you move away! The gnoll barely misses you.
Really walk into that dispersal trap?
You enter a dispersal trap!
The gnoll blinks! x4; You blink.
The gnoll attacks as you move away! The gnoll barely misses you.
The gnoll hits you with a +0 flail!
You die...

#####§##.#.##.# #####
#.....##.#.##.#
....###.....#.....#.#########
...>..'..^........).........K
.....§#...........).....####
......###......####.).).#
......# #....g..........#
#.##..# #......g....÷...#
♣)♣##g###....##.@.......# ♣.♣
#........##....#....# )..
##.....###....###...# ...♣
##....# ####.# #...# ....
##...######'###...# ♣..)♣
######...........# ..♣..
#.......##..# ......
######............
#...##............


You could see 2 gnolls.

Vanquished Creatures
  An orc wizard (D:2)
  An adder (D:2)
  A gnoll (D:2)
  A dart slug (D:1)
  4 orcs (D:2)
  An endoplasm (D:1)
  2 giant cockroaches (D:1)
  4 goblins
  2 hobgoblins
  2 jackals (D:1)
  6 kobolds
  A ball python (D:1)
  A bat (D:1)
  3 frilled lizards
  4 rats (D:1)
34 creatures vanquished.

Notes
Turn   | Place    | Note
-------+----------+-------------------------------------------
     0 | D:1      | KristoblXynda the Draconian Monk began the quest for the
                  | Orb.
     0 | D:1      | Reached XP level 1. HP: 19/19 MP: 1/1
   162 | D:1      | Reached XP level 2. HP: 18/26 MP: 2/2
   807 | D:2      | Reached XP level 3. HP: 32/33 MP: 3/3
   910 | D:2      | Found a faded altar of an unknown god.
   996 | D:2      | HP: 1/33 [orc wizard/puff of flame (9)]
  1011 | D:2      | Reached skill level 4 in Unarmed Combat
  1011 | D:2      | Reached XP level 4. HP: 17/40 MP: 4/4
  1273 | D:2      | HP: 2/40 [gnoll/+0 club (1)]
  1299 | D:2      | Mangled by a gnoll

Illustrated notes

Levels and vault maps discovered:
D:1:      dpeg_arrival_orchard, layout_rooms, minmay_bisected
D:2:      layout_basic, basic_ecumenical_altar, pf_guarded_unrand_woodcutter

Skill      XL: |  1  2  3 |
---------------+----------+-----
Dodging        | 3 |  3.3
Unarmed Combat | 4 |  4.1
Fighting       | |  3.9
Stealth        | |  1.7

Action                   |  1- 3 |  4- 6 || total
-------------------------+-------+-------++-------
Melee: Unarmed           |    89 |    18 ||   107
       Tailslap          |    18 |       ||    18
  Use: Potion            |     1 |       ||     1
       Scroll            |       |     1 ||     1
 Stab: Sleeping          |     4 |       ||     4
Armor: Skin              |    21 |     4 ||    25
Dodge: Dodged            |    48 |    13 ||    61

Table legend: (Time is in decaauts)
 A = Elapsed time spent in this place.
 B = Non-inter-level travel time spent in this place.
 C = Inter-level travel time spent in this place.
 D = Time resting spent in this place.
 E = Time spent auto-exploring this place.
 F = Levels seen in this place.
 G = Mean time per level.
                   A        B        C        D        E       F      G
               +--------+--------+--------+--------+--------+-----+--------+
         Total |   1293 |   1285 |      8 |    193 |    800 |   2 |  646.5 |
       Dungeon |   1293 |   1285 |      8 |    193 |    800 |   2 |  646.5 |
               +--------+--------+--------+--------+--------+-----+--------+

Top non-repeatable levels by time:
     D:1: 719 daAuts
     D:2: 574 daAuts
